Map: Prion Terraces

Players

FoxeR - Winner!

  • Race: Terran Terran
  • League: Master

VforVelveeta

  • Race: Zerg Zerg
  • League: Master

VOD

Have the link to the VOD?

Description

Time

  • Played on: Jan. 18, 2016, 10:32 p.m.
  • Length: 11:27
Show
View Real Time Build Order
Export as new Build Order

FoxeR Terran - Winner!

Build Orders: MMM Bio 

Get SALT Encoding   

  12  0:01  SCV  
  13  0:13  SCV  
  14  0:17  Supply Depot  
  14  0:25  SCV  
  15  0:39  SCV  
  15  0:40  Barracks  
  16  0:44  Refinery  
  16  0:51  SCV  
  17  1:03  SCV  
  18  1:09  Barracks  
  18  1:17  SCV  
  19  1:20  Barracks  
  19  1:30  Reaper  
  20  1:33  Refinery  
  20  1:41  Orbital Command  
  20  1:56  Reaper  
  20  1:59  Supply Depot  
  21  2:02  Reaper  
  21  2:07  SCV  
  23  2:21  Reaper  
  24  2:23  SCV  
  24  2:28  Reaper  
  26  2:34  Reaper  
  26  2:35  SCV  
  28  2:37  Supply Depot  
  28  2:51  SCV  
  28  2:53  Reaper  
  30  3:00  Reaper  
  31  3:05  Command Center  
  31  3:06  Reaper  
  31  3:10  SCV  
  33  3:15  Supply Depot  
  33  3:33  Reaper  
  34  3:35  SCV  
  34  3:43  Reaper  
  35  3:49  Reaper  
  35  3:53  SCV  
  37  3:57  Command Center  
  37  4:05  SCV, Reaper  
  39  4:15  Reaper  
  40  4:17  SCV  
  40  4:21  Reaper  
  40  4:37  Reaper  
  40  4:39  SCV  
  40  4:40  Orbital Command  
  42  4:54  SCV  
  44  5:00  Factory  
  44  5:04  Barracks  
  44  5:06  Barracks  
  44  5:07  SCV x2  
  46  5:09  Orbital Command  
  46  5:10  Barracks Reactor  
  46  5:11  Barracks Tech Lab  
  44  5:17  Barracks Reactor  
  44  5:19  SCV x2  
  44  5:21  Engineering Bay  
  46  5:22  Engineering Bay  
  46  5:31  SCV, Stimpack, Marine  
  46  5:32  SCV  
  46  5:33  Refinery  
  48  5:36  SCV  
  49  5:43  SCV  
  49  5:49  Marine  
  51  5:50  Marine x2  
  51  5:51  Barracks Reactor  
  51  5:52  SCV  
  51  5:59  SCV, Marine  
  51  6:00  Terran Infantry Weapons Level 1, SCV, Terran Infantry Armor Level 1  
  51  6:02  Refinery  
  53  6:04  Marine  
  53  6:05  SCV  
  53  6:08  Starport  
  55  6:12  SCV x2  
  55  6:13  Supply Depot  
  55  6:14  Marine  
  55  6:17  SCV, Marine  
  61  6:18  Barracks Tech Lab  
  61  6:20  Barracks Reactor  
  61  6:21  Marine  
  61  6:22  Marine  
  61  6:24  SCV  
  61  6:25  SCV  
  64  6:26  Factory Reactor  
  64  6:30  Supply Depot, Marine  
  65  6:36  Marine x2  
  65  6:37  SCV x2, Marine  
  70  6:40  Marine x2  
  70  6:41  Marine  
  73  6:48  Marine  
  73  6:53  Marine  
  73  6:54  Marine x2  
  76  6:56  SCV  
  76  6:57  Supply Depot, Marine  
  76  6:58  Marine x3  
  76  6:59  Marine  
  83  7:05  Marine, Orbital Command  
  84  7:11  Marine x2  
  84  7:12  Marine  
  87  7:16  Marine x2  
  87  7:18  SCV x2  
  91  7:23  Supply Depot  
  91  7:24  Supply Depot, Marine x3  
  91  7:25  Supply Depot, Medivac, Marine  
  91  7:26  Medivac  
  91  7:29  Marine  
  100  7:30  SCV  
  100  7:32  Combat Shields  
  101  7:45  Marine x3  
  101  7:47  Supply Depot  
  101  7:49  Supply Depot, Marine  
  101  7:50  Marine x2  
  101  7:51  Marine x2  
  101  7:55  Medivac  
  101  7:56  Marine  
  101  7:57  Medivac  
  107  8:02  Marine x2  
  106  8:12  Marine x4  
  107  8:15  Barracks, Marine  
  107  8:16  Barracks, Marine  
  107  8:19  SCV, Supply Depot  
  113  8:20  Supply Depot  
  113  8:22  Marine  
  113  8:23  Armory  
  113  8:24  Marine x2  
  113  8:25  Medivac  
  119  8:27  Medivac  
  119  8:30  Marine x2  
  119  8:31  Marine x2  
  119  8:33  Marine  
  124  8:35  Marine  
  110  8:57  Marine x4  
  110  8:58  Marine x3  
  111  9:03  Marine  
  112  9:14  Marine x2  
  112  9:15  Marine  
  115  9:23  Marine x2  
  114  9:26  Marine x2  
  114  9:27  Marine  
  114  9:29  Marine x2  
  119  9:34  Marine x4  
  119  9:35  Command Center, Medivac x2  
  127  9:40  Marine  
  127  9:41  Marine  
  127  9:44  Marine x2  
  131  9:46  Marine  
  131  9:49  Marine x2  
  133  9:59  Marine  
  128  10:04  Marine x2  
  128  10:05  Medivac x2  
  126  10:09  Marine x2  
  126  10:11  Marine  
  125  10:15  Marine  
  126  10:25  Marine  
  127  10:35  Medivac x2, Marine x5  
  128  10:36  Marine x5  
  128  10:41  Supply Depot  
  128  10:42  Marine  
  141  10:53  Marine x5  
  141  10:54  Marine  
  141  10:55  Marine  
  141  10:56  Marine x3  
  151  11:08  Marine  
Show
View Real Time Build Order
Export as new Build Order

VforVelveeta Zerg 

Build Orders: Hatch First 

Get SALT Encoding   

  12  0:01  Drone  
  13  0:12  Overlord  
  13  0:17  Drone  
  14  0:30  Drone  
  14  0:31  Drone  
  14  0:34  Drone  
  17  0:52  Hatchery  
  17  0:55  Drone  
  17  1:02  Drone  
  18  1:11  Spawning Pool  
  18  1:14  Drone  
  18  1:18  Extractor  
  17  1:20  Drone  
  18  1:30  Drone  
  19  1:40  Overlord  
  19  1:58  Queen  
  19  1:59  Zergling x2  
  22  2:04  Queen  
  22  2:05  Zergling x2  
  25  2:09  Drone  
  25  2:12  Drone  
  27  2:19  Drone  
  28  2:23  Drone  
  28  2:29  Drone  
  30  2:37  Roach Warren, Drone  
  30  2:40  Drone  
  31  2:45  Overlord  
  31  3:04  Overlord  
  31  3:16  Drone x2  
  31  3:18  Roach x5  
  43  3:27  Roach x3  
  44  3:36  Roach x2  
  47  3:45  Roach x2  
  49  3:50  Overlord  
  49  4:00  Roach  
  43  4:30  Drone x3  
  43  4:31  Drone  
  43  4:32  Roach x3  
  47  4:38  Drone  
  47  4:39  Drone x2  
  47  4:43  Roach  
  47  4:44  Roach  
  44  5:00  Drone x2  
  44  5:05  Drone x3  
  49  5:08  Drone x2  
  51  5:15  Drone x2  
  51  5:20  Metabolic Boost  
  51  5:34  Zergling x14  
  51  5:35  Zergling x2  
  59  5:42  Overlord  
  57  5:48  Zergling x8  
  55  5:51  Ravager  
  52  6:06  Queen  
  52  6:11  Queen  
  54  6:12  Extractor x2  
  54  6:13  Overlord  
  54  6:15  Ravager  
  51  6:21  Drone  
  51  6:22  Drone x3  
  51  6:24  Drone x2, Extractor  
  51  6:25  Drone  
  57  6:28  Overlord  
  57  6:37  Ravager  
  57  6:38  Roach x2  
  61  6:55  Roach x2  
  61  7:00  Roach x2  
  69  7:02  Ravager  
  69  7:07  Overlord  
  70  7:10  Hatchery  
  70  7:15  Ravager  
  70  7:17  Roach  
  70  7:18  Ravager  
  73  7:23  Zergling x8  
  73  7:24  Zergling x2  
  73  7:25  Overlord  
  73  7:28  Ravager  
  79  7:30  Ravager  
  79  7:32  Overlord  
  80  7:38  Zergling x6  
  82  7:52  Zergling x10  
  88  7:58  Ravager  
  88  7:59  Ravager  
  88  8:00  Overlord  
  76  8:09  Roach x5  
  68  8:21  Roach x2  
  68  8:26  Roach x4  
  68  8:27  Roach x3  
  77  8:55  Roach x4  
  81  9:00  Zergling x2  
  81  9:01  Zergling x20  
  92  9:09  Drone x2  
  85  9:10  Overlord  
  81  9:18  Zergling x2  
  80  9:25  Zergling x2  
  80  9:26  Zergling x2  
  81  9:35  Ravager x4  
  81  9:36  Ravager x3  
  81  9:38  Zergling x12  
  94  9:45  Hatchery  
  91  9:48  Zergling x2  
  1  11:10  Extractor  
Tags
 
Add a new tag
Caveats
  • Supply blocks, unpowered buildings, or Contaminate may cause inaccurate times.
  • Supply counts are checked every 10 seconds.